AoeStats
← Mark0

Arena

508805907Analyzed
2v2 RM · 7d ago on Sep 24, 2026· 61m 49s· 4 players
Game mode
Random Map
Map size
Medium (4 player)
Population
200
Speed
Normal
Resources
Standard
Victory
Conquest
Starting age
Dark Age
Ending age
Imperial Age
RankedLock teamsTeams togetherTeam positionsShared explorationLock speedFull tech treeHidden civsTurbo modeCheats
Victory
Defeat
🇲🇽 Bohemians · Mexico
830
+16
🇲🇽 Italians · Mexico
804
+17
🇲🇽 Slavs · Mexico
831
-17
🇨🇱 Chinese · Chile
819
-16
Mark0
4:59 Loom
11:49 Feudal Age
16:40 Castle Age
14:45 Double-Bit Axe
14:59 Horse Collar
17:06 Wheelbarrow
17:32 Heavy Plow
18:05 Town Watch
18:19 Fletching
19:36 Fervor
21:28 Bodkin Arrow
23:19 Bow Saw
25:01 Sanctity
25:05 Ballistics
25:50 Fortified Wall
28:46 Chemistry
31:53 Murder Holes
35:37 Imperial Age
33:41 Masonry
36:44 Conscription
37:35 Squires
37:54 Pikeman
39:32 Hand Cart
40:22 Two-Man Saw
39:53 Halberdier
41:17 Wagenburg Tactics
41:33 Crossbowman
43:56 Siege Engineers
44:22 Architecture
44:17 Scale Mail Armor
44:27 Forging
47:52 Iron Casting
47:33 Chain Mail Armor
50:01 Blast Furnace
49:19 Arson
51:45 Plate Mail Armor
52:53 Bracer
52:54 Padded Archer Armor
54:50 Leather Archer Armor
54:41 Scale Barding Armor
54:27 Houfnice
60:43 Ring Archer Armor
60:33 Chain Barding Armor
PigNoise
0:46 Loom
12:02 Feudal Age
14:28 Double-Bit Axe
14:32 Horse Collar
15:48 Wheelbarrow
22:03 Castle Age
21:12 Man-at-Arms
21:46 Arson
22:16 Forging
24:22 Husbandry
26:57 Hand Cart
31:27 Bow Saw
31:19 Heavy Plow
32:04 Iron Casting
31:37 Scale Mail Armor
37:08 Padded Archer Armor
39:23 Silk Road
39:49 Town Watch
41:16 Fortified Wall
41:56 Light Cavalry
42:48 Scale Barding Armor
49:40 Town Patrol
53:07 Fletching
55:15 Squires
58:05 Long Swordsman
DarkKnight95604
0:26 Loom
10:33 Feudal Age
11:51 Double-Bit Axe
11:48 Horse Collar
15:02 Gold Mining
20:02 Castle Age
19:30 Wheelbarrow
18:41 Town Watch
20:12 Fletching
21:08 Heavy Plow
21:20 Bow Saw
21:21 Light Cavalry
23:01 Husbandry
23:37 Man-at-Arms
25:28 Murder Holes
25:45 Masonry
28:01 Detinets
27:28 Long Swordsman
30:59 Ballistics
36:15 Bodkin Arrow
36:21 Padded Archer Armor
36:23 Scale Mail Armor
37:15 Bloodlines
43:48 Imperial Age
41:11 Elite Skirmisher
42:12 Forging
44:33 Hand Cart
44:21 Town Patrol
50:17 Two-Handed Swordsman
52:00 Conscription
51:41 Druzhina
Microbio_ubb
0:34 Loom
10:58 Feudal Age
12:22 Wheelbarrow
11:34 Double-Bit Axe
14:43 Horse Collar
17:07 Gold Mining
19:56 Castle Age
18:02 Stone Mining
21:13 Hand Cart
21:13 Bow Saw
21:47 Stone Shaft Mining
25:28 Pikeman
31:09 Heavy Plow
35:39 Gold Shaft Mining
39:15 Imperial Age
37:10 Forging
39:04 Iron Casting
39:55 Ballistics
39:45 Squires
39:23 Capped Ram
40:46 Great Wall
41:10 Scale Mail Armor
42:16 Chemistry
40:43 Siege Ram
42:06 Fortified Wall
41:44 Town Watch
42:29 Chain Mail Armor
45:18 Heavy Scorpion
46:00 Halberdier
47:59 Blast Furnace
49:42 Town Patrol
50:44 Two-Man Saw
51:58 Arson
53:09 Coinage
52:06 Elite Chu Ko Nu
55:44 Fletching
56:52 Banking
56:26 Caravan
58:47 Heavy Rocket Cart
Connection lost

Rejoining the realm…

Still unreachable

The connection could not be restored.

Session expired

The server has moved on; the page needs a fresh start.